 Dungeon Crawl Stone Soup version 0.24.1 (webtiles) character file.

Game seed: 18078971745937370801, levelgen mode: deterministic

1085 IcySystem the Conjurer (level 8, -4/63 HPs)
             Began as a Hill Orc Fire Elementalist on Apr 6, 2020.
             Killed from afar by Dowan (23 damage)
             ... with a shard of ice
             ... on level 5 of the Dungeon.
             The game lasted 00:20:28 (4955 turns).

IcySystem the Conjurer (Hill Orc Fire Elementalist) Turns: 4955, Time: 00:20:28

Health: -4/63      AC:  9    Str: 11    XL:     8   Next: 30%
Magic:  3/13       EV: 10    Int: 17    God:
Gold:   181        SH:  0    Dex: 11    Spells: 8/14 levels left

rFire    . . .     SeeInvis .   r - +2 dagger (elec)
rCold    . . .     Gourm    .   (no shield)
rNeg     . . .     Faith    .   b - +0 ring mail
rPois    .         Spirit   .   o - +1 helmet
rElec    .         Reflect  .   n - +0 cloak
rCorr    .         Harm     .   p - +0 pair of gloves
MR       .....                  (no boots)
Stlth    +.........             d - amulet of the acrobat
HPRegen  0.20/turn              (no ring)
MPRegen  0.13/turn              (no ring)

@: lethally poisoned (-4 -> -30)
A: no striking features
a: no special abilities


You were on level 5 of the Dungeon.
You were not hungry.

You visited 1 branch of the dungeon, and saw 7 of its levels.

You collected 181 gold pieces.

Inventory:

Hand Weapons
 r - a +2 dagger of electrocution (weapon)
 t - a +0 dagger of draining
 u - a cursed +2 dagger of venom
 y - a +0 spear
Missiles
 g - 6 poisoned darts (quivered)
 i - 161 stones
Armour
 b - a +0 ring mail (worn)
 k - a +0 leather armour
 n - a +0 cloak (worn)
 o - a +1 helmet (worn)
 p - a +0 pair of gloves (worn)
 w - a +0 scale mail
Jewellery
 d - an amulet of the acrobat (around neck)
 C - an uncursed ring of stealth {unknown}
Wands
 s - a wand of digging (4)
Scrolls
 a - 2 scrolls of fear
 x - a scroll of amnesia
Potions
 e - 2 potions of flight
 f - 6 potions of curing
 h - a potion of cancellation
 j - a potion of mutation
 l - a potion of might {unknown}
 m - 3 potions of heal wounds
 q - a potion of brilliance {unknown}
 v - a potion of lignification {unknown}
 z - a potion of agility
 A - a potion of magic {unknown}
 D - a potion of haste {unknown}
Comestibles
 c - 4 rations
 B - a chunk of flesh


   Skills:
 + Level 3.5 Fighting
 - Level 0.2 Throwing
 - Level 1.5 Dodging
 - Level 1.5 Stealth
 + Level 3.6 Spellcasting
 - Level 6.1 Conjurations
 - Level 6.0 Fire Magic


You had 8 spell levels left.
You knew the following spells:

 Your Spells              Type           Power        Failure   Level  Hunger
a - Flame Tongue          Conj/Fire      ###..        3%          1    None
b - Conjure Flame         Conj/Fire      ###.....     10%         3    ###....
c - Throw Flame           Conj/Fire      ###...       4%          2    ##.....

Your spell library contained the following spells:

 Spells                   Type           Power        Failure   Level  Hunger
 Sticky Flame             Conj/Fire      ###.....     32%         4    ####...
 Inner Flame              Hex/Fire       ##......     34%         3    ###....
 Fireball                 Conj/Fire      ###.......   65%         5    ######.


Dungeon Overview and Level Annotations

Branches:
Dungeon (7/15)
 Temple: D:4-7

Altars:
Nemelex Xobeh
Qazlal

Annotations:
D:4 Sigmund
D:5 Dowan


Message History

Dowan is almost dead.
You feel sick.
Dowan is no longer unusually agile.
Dowan hits you but does no damage.
You are more poisoned.
Press: ? - help, v - describe, . - travel, g - get item
Here: Dowan, wielding a +1 dagger of venom and wearing a +0 robe (almost dead, fast)
A poisoned dart.
The floor.
You closely miss Dowan.
Dowan is almost dead.
You feel sick. Dowan hits you but does no damage.
You are lethally poisoned!
Dowan gestures at you while chanting. The stone arrow hits you.
You hit Dowan.
Dowan is almost dead.
You feel very sick. Dowan casts a spell at you. The shard of ice hits you!!
You die...

####...########.#....
.. ##.## #.###.# ..
#.# #.##..# .## #.#
#.##.## #. ..# #.#
#.##.# #.# #.# #.#
#.##.## ... #.# #)#
#......
#.###.#######e#
####.##
#..ยง........@(# #.##
#.(...######### #...
##....# #### ##.#$# #
#.......# # #########
# #


You could see Dowan.

Vanquished Creatures
  Grinder (D:3)
  Duvessa (D:5)
  A sky beast (D:5)
  A phantom (D:6)
  A bullfrog (D:4)
  4 wights (D:6)
  A howler monkey (D:6)
  A hound (D:4)
  A centaur skeleton (D:6)
  An iguana (D:6)
  Ijyb (D:3)
  An orc wizard (D:2)
  4 worker ants
  4 adders
  An ooze (D:6)
  2 worms
  3 leopard geckos
  5 orcs (D:3)
  4 ball pythons
  2 giant cockroaches
  4 goblins
  8 hobgoblins
  3 jackals (D:6)
  2 quokkas
  9 bats
  7 frilled lizards
  3 kobolds
  5 rats
81 creatures vanquished.

Notes
Turn   | Place    | Note
-------+----------+-------------------------------------------
     0 | D:1      | IcySystem the Hill Orc Fire Elementalist began the quest
                  | for the Orb.
     0 | D:1      | Reached XP level 1. HP: 14/14 MP: 3/3
   389 | D:1      | Reached XP level 2. HP: 22/22 MP: 2/4
  1514 | D:2      | Reached XP level 3. HP: 27/27 MP: 1/5
  2353 | D:2      | Reached XP level 4. HP: 34/34 MP: 4/7
  2612 | D:3      | Learned a level 3 spell: Conjure Flame
  2615 | D:3      | Learned a level 2 spell: Throw Flame
  2823 | D:3      | Reached XP level 5. HP: 36/41 MP: 7/9
  3014 | D:3      | Noticed Ijyb
  3045 | D:3      | Killed Ijyb
  3130 | D:3      | Found a sparkling altar of Nemelex Xobeh.
  3250 | D:3      | Noticed Grinder
  3259 | D:3      | Paralysed by Grinder for 5 turns
  3277 | D:3      | Killed Grinder
  3277 | D:3      | Reached skill level 5 in Fire Magic
  3277 | D:3      | Reached XP level 6. HP: 37/48 MP: 8/10
  3652 | D:4      | Reached XP level 7. HP: 55/55 MP: 0/11
  3789 | D:4      | Noticed Sigmund
  3895 | D:4      | You fall into a shaft and drop 3 floors!
  4169 | D:6      | Reached skill level 5 in Conjurations
  4300 | D:6      | Found a stormy altar of Qazlal.
  4303 | D:6      | Noticed a water elemental
  4304 | D:6      | Noticed an air elemental
  4304 | D:6      | Noticed a fire elemental
  4342 | D:6      | Reached XP level 8. HP: 61/61 MP: 1/12
  4637 | D:5      | Entered Level 5 of the Dungeon
  4910 | D:5      | Noticed Duvessa
  4910 | D:5      | Noticed Dowan
  4941 | D:5      | Killed Duvessa
  4955 | D:5      | Killed from afar by Dowan

Levels and vault maps discovered:
D:1:      matt_arrival_debris, layout_loops_corners, minmay_heptomino_d4
D:2:      layout_loops_corners
D:3:      layout_basic, first_ration, nemelex_diamond_rough_becter,
          uniq_grinder, uniq_ijyb
D:4:      layout_loops_ring, serial_shops, shop, grunt_decor_one_mirror,
          uniq_sigmund
D:5:      layout_loops_corners, portal_sewer_entry_e, uniq_duvessa, uniq_pikel
D:6:      layout_basic, nicolae_qazlal_style_of_elements
D:7:      layout_layer_cave, temple_doors_cd, serial_shops, shop, shop_statue,
          nicolae_shop_temple_entry_statues_fountains, grunt_ogre_cave,
          kennysheep_windowed_goal, uniq_joseph

Skill      XL: |  1  2  3  4  5  6  7  8 |
---------------+-------------------------+-----
Fire Magic     | 4 5 6 |  6.0
Conjurations   | 2 3 4 6 |  6.1
Spellcasting   | 2 3 |  3.6
Fighting       | 2 3 |  3.5
Throwing       | |  0.2
Dodging        | |  1.5
Stealth        | |  1.5

Action                   |  1- 3 |  4- 6 |  7- 9 || total
-------------------------+-------+-------+-------++-------
Melee: Unarmed           |    14 |       |       ||    14
       Dagger            |    20 |    95 |    38 ||   153
Throw: Dart              |    16 |     5 |     7 ||    28
       Stone             |       |    11 |    13 ||    24
 Cast: Flame Tongue      |    57 |    15 |    42 ||   114
       Throw Flame       |       |     3 |     2 ||     5
       Conjure Flame     |       |     1 |     4 ||     5
  Use: Scroll            |     3 |     7 |     1 ||    11
  Eat: Chunk             |     6 |     4 |     5 ||    15
Armor: Robe              |    13 |       |       ||    13
       Leather armour    |     6 |     6 |       ||    12
       Ring mail         |       |    26 |    15 ||    41
Dodge: Dodged            |    35 |    44 |    15 ||    94
